 Dungeon Crawl Stone Soup version 0.20-a0-924-gfa95efa (webtiles) character file.

131 Deemzul the Sneak (level 5, -2/36 HPs)
             Began as an Octopode Monk on Mar 27, 2017.
             Slain by an orc wizard
             ... wielding a +0 dagger
              (7 damage)
             ... on level 3 of the Dungeon.
             The game lasted 00:02:03 (2740 turns).

Deemzul the Sneak (Octopode Monk)                   Turns: 2740, Time: 00:02:03

Health: -2/36      AC:  1    Str: 10    XL:     5   Next: 14%
Magic:  5/5        EV: 14    Int: 12    God:
Gold:   116        SH:  4    Dex: 16    Spells: 4/4 levels left

rFire    . . .     SeeInvis .     - Unarmed
rCold    . . .     Gourm    .   g - +0 buckler
rNeg     . . .     Faith    .   (helmet restricted)
rPois    .         Spirit   .   (no amulet)
rElec    .         Reflect  .   (no ring)
rCorr    .         Harm     .   (no ring)
MR       .....                  (no ring)
Stlth    ++++......             (no ring)
Regen    0.2/turn               (no ring)
MPRegen  0.1/turn               (no ring)
                                (no ring)
                                (no ring)

@: no status effects
A: almost no armour, stealthy swim, amphibious, 8 rings, constrict 8, camouflage
1, gelatinous body 1
a: no special abilities


You were on level 3 of the Dungeon.
You were hungry.

You visited 1 branch of the dungeon, and saw 3 of its levels.

You collected 116 gold pieces.

Inventory:

Armour
 g - a +0 buckler (worn)
Scrolls
 b - 2 scrolls of enchant weapon {unknown}
 e - 3 scrolls of identify {unknown}
 i - a scroll of immolation {unknown}
 j - 3 scrolls of teleportation {unknown}
 m - a scroll of recharging {unknown}
 n - a scroll of fog {unknown}
 q - a scroll of noise {unknown}
Potions
 d - a potion of mutation {unknown}
 f - a potion of curing
 k - 2 potions of berserk rage {unknown}
 l - a potion of magic {unknown}
 p - a potion of invisibility {unknown}
Comestibles
 a - 4 bread rations
 c - 4 meat rations
 h - a royal jelly


   Skills:
 + Level 3.6 Fighting
 + Level 3.3 Dodging
 + Level 4.0 Stealth
 + Level 1.7 Shields
 * Level 4.0 Unarmed Combat


You had 4 spell levels left.
You didn't know any spells.

Dungeon Overview and Level Annotations

Branches:
Dungeon (3/15)

Altars:
Xom


Innate Abilities, Weirdness & Mutations

You cannot wear most types of armour.
You are very stealthy in the water. (Stealth+)
You are amphibious.
You can wear up to eight rings at the same time.
You can use your tentacles to constrict eight enemies at once.
Your skin changes colour to match your surroundings (Stealth+).
Your rubbery body absorbs attacks. (AC +1, EV +1)


Message History

You barely miss something.
The hobgoblin shouts!
Your squeeze misses something. Something hits you.
* * * LOW HITPOINT WARNING * * *
You barely miss something. Something hits you.
* * * LOW HITPOINT WARNING * * *
You tentacle-slap something. Something hits you.
* * * LOW HITPOINT WARNING * * *
An orc comes into view. It is wielding a flail.
You miss something.
The orc shouts!
Something barely misses you.
You barely miss something. You squeeze something. Something hits you.
* * * LOW HITPOINT WARNING * * *
You miss something. Your squeeze misses something.
Something hits you but does no damage.
It was a potion of curing.
You feel better. Something hits you.
* * * LOW HITPOINT WARNING * * *
You miss something. Something hits you!
You die... #.## ..# #..## #.# #...# #.# ... #.# goo

#.# #o# ##.#### #{#
#...... #@# #..###.
##'## #....#. ##...##
#.##.#. ##.....##
##.##.#. #.......##
##....... ##
#........####...##.##
...
#........'.......#.#
###
#........####...##.#
#.......## ##.###.#


You could see 3 orcs and a hobgoblin.

Vanquished Creatures
  An orc wizard (D:3)
  4 adders
  An ooze (D:1)
  A worm (D:2)
  2 dart slugs
  A leopard gecko (D:1)
  5 orcs (D:3)
  12 bats
  A giant cockroach (D:1)
  6 goblins
  8 hobgoblins
  A ball python (D:2)
  2 frilled lizards (D:2)
  5 kobolds
  2 rats
52 creatures vanquished.

Notes
Turn   | Place    | Note
-------+----------+-------------------------------------------
     0 | D:1      | Deemzul the Octopode Monk began the quest for the Orb.
     0 | D:1      | Reached XP level 1. HP: 16/16 MP: 1/1
    82 | D:1      | Reached XP level 2. HP: 7/21 MP: 2/2
   859 | D:1      | Reached XP level 3. HP: 23/26 MP: 3/3
  1400 | D:2      | Reached XP level 4. HP: 26/31 MP: 4/4
  1489 | D:2      | Reached skill level 1 in Shields
  1810 | D:3      | Found a shimmering altar of Xom.
  1871 | D:3      | Found a faded altar of an unknown god.
  2432 | D:3      | Reached XP level 5. HP: 32/36 MP: 5/5
  2737 | D:3      | HP: 1/36 [something (1)]
  2740 | D:3      | Slain by an orc wizard

Vault maps used:
D:1:      dpeg_arrival_brainrot, minmay_misc_feat_more_columns
D:2:      first_bread
D:3:      old_standard_altar, chequers_ecumenical_altar_twisty,
          kennysheep_pointless_box, kennysheep_generic_room_5

Skill      XL: |  1  2  3  4 |
---------------+-------------+-----
Stealth        | 3 4 |  4.0
Shields        | 1 |  1.7
Unarmed Combat | 4 |  4.0
Fighting       | |  3.6
Dodging        | |  3.3

Action                   |  1- 3 |  4- 6 || total
-------------------------+-------+-------++-------
Melee: Unarmed           |    66 |    64 ||   130
       Constrict         |    16 |    13 ||    29
       Tentacles         |     6 |    10 ||    16
       Punch             |     1 |     1 ||     2
  Use: Potion            |       |     1 ||     1
 Stab: Sleeping          |     9 |     5 ||    14
       Distracted        |     1 |     1 ||     2
  Eat: Chunk             |     1 |     4 ||     5
Armor: Skin              |     8 |     2 ||    10
Dodge: Dodged            |    54 |    16 ||    70
Block: Buckler           |    11 |     7 ||    18
